 Dungeon Crawl Stone Soup version 0.24.0-123-gd5b16e6ec5 (webtiles) character file.

Game seed: 17581768757030804156, levelgen mode: deterministic

547 glosham the Chopper (level 7, -1/52 HPs)
             Began as a Mummy Abyssal Knight on Jan 5, 2020.
             Was a Believer of Lugonu.
             Killed from afar by Dowan (8 damage)
             ... with a shard of ice
             ... on level 4 of the Dungeon.
             The game lasted 00:53:04 (3209 turns).

glosham the Chopper (Mummy Abyssal Knight)          Turns: 3209, Time: 00:53:04

Health: -1/52      AC: 13    Str: 17    XL:     7   Next: 7%
Magic:  8/8        EV:  5    Int: 11    God:    Lugonu [**....]
Gold:   203        SH:  0    Dex: 12    Spells: 6/6 levels left

rFire    x . .     SeeInvis .   b - +0 battleaxe
rCold    + . .     Gourm    .   (shield currently unavailable)
rNeg     + + +     Faith    .   q - +0 plate armour
rPois    ∞         Spirit   .   U - +2 helmet
rElec    .         Reflect  .   (no cloak)
rCorr    .         Harm     +   (no gloves)
MR       +....                  (no boots)
Stlth    ..........             z - amulet of harm
HPRegen  0.17/turn              f - ring of attention (curse)
MPRegen  0.11/turn              M - ring of protection from magic

@: no status effects
A: no food or potions, fire vulnerability, cold resistance 1, negative energy
resistance 3, torment resistance, unbreathing
a: Depart the Abyss, Bend Space, Renounce Religion


You were on level 4 of the Dungeon.
You worshipped Lugonu.
Lugonu was pleased with you.
You were not hungry.

You visited 1 branch of the dungeon, and saw 4 of its levels.
You visited the Abyss 2 times.

You collected 203 gold pieces.

Inventory:

Hand Weapons
 a - a +1 hand axe
 b - a +0 battleaxe (weapon)
 c - a +3 hunting sling
 g - a +0 spear
 o - a +0 trident
 r - a +5 dagger
Missiles
 d - 62 stones
 e - 21 poisoned darts (quivered)
 j - 27 sling bullets
 l - 52 arrows
 m - 39 bolts
Armour
 q - a +0 plate armour (worn)
 U - a +2 helmet (worn)
 X - a +0 ring mail
Jewellery
 f - a cursed ring of attention (left hand)
 z - an amulet of harm (around neck)
 M - a ring of protection from magic (right hand)
Scrolls
 k - a scroll of teleportation
 n - a scroll of immolation
 p - a scroll of identify


   Skills:
 - Level 3.0 Fighting
 * Level 6.5 Axes
 - Level 1.5 Armour
 - Level 0.7 Dodging
 - Level 1.5 Invocations


You had 6 spell levels left.
You didn't know any spells.
Your spell library was empty.

Dungeon Overview and Level Annotations

Branches:
Dungeon (4/15)
 Temple: D:4-7

Altars:
Dithmenos
Fedhas
Gozag
Kikubaaqudgha
Makhleb
Ru
Sif Muna

Shops:
D:4 :

Annotations:
D:3 3 runed translucent doors, Nebesus's ghost, amateur GrFi
D:4 Dowan; Eustachio


Innate Abilities, Weirdness & Mutations

You do not eat or drink.
Your flesh is vulnerable to fire.
You are immune to poison.
Your flesh is cold resistant. (rC+)
You are immune to negative energy. (rN+++)
You are immune to unholy pain and torment.
You can survive without breathing.


Message History

You closely miss Duvessa.
Duvessa is lightly wounded.
Duvessa hits you with a +0 rapier!
Dowan says, "Stay away from my face!"
b - a +0 battleaxe (weapon)
Duvessa hits you but does no damage.
Your plate armour prevents you from hitting Duvessa.
Duvessa is lightly wounded.
Duvessa hits you but does no damage. x2
You slash Duvessa!
Duvessa is severely wounded.
Duvessa hits you with a +0 rapier. x2
You hit Duvessa.
Duvessa is severely wounded.
Duvessa barely misses you.
You hit Duvessa but do no damage.
Duvessa is severely wounded.
Duvessa hits you but does no damage.
Dowan gestures wildly while chanting.
Dowan blinks!
Duvessa hits you with a +0 rapier!
* * * LOW HITPOINT WARNING * * *
You closely miss Duvessa.
Duvessa is severely wounded.
Duvessa hits you but does no damage. x2
Dowan gestures wildly while chanting.
Dowan blinks!
Unknown command.
You hit Duvessa but do no damage.
Duvessa is severely wounded.
Duvessa hits you but does no damage. Duvessa hits you with a +0 rapier.
* * * LOW HITPOINT WARNING * * *
You slash Duvessa!
You kill Duvessa!
Lugonu accepts your kill.
Dowan seems overcome with grief, but rights himself reflexively soon after.
Dowan seems to find hidden reserves of power!
You have reached level 7!
Dowan gestures at you while chanting. The shard of ice hits you!
You partially resist.
You die...

#.# #.######.#.###
#.# #.# #.#.# #.#
#.######.#.# #.#
#........#.# #.#
########.#.. #.#
#.### #.# #.#
##.################.
#..@)...e..†........
###############.....
..... ..... .....
..... ..... .%...


You could see Dowan.

Vanquished Creatures
  Duvessa (D:4)
  An ogre (D:4)
  A scorpion (D:4)
  A howler monkey (D:4)
  A hound (D:4)
  An orc wizard (D:3)
  A worker ant (D:4)
  Robin (D:1)
  3 gnolls
  6 adders
  A worm (D:3)
  4 dart slugs
  4 leopard geckos
  2 orcs (D:3)
  2 giant cockroaches
  15 goblins
  11 hobgoblins
  7 jackals
  A quokka (D:2)
  6 bats
  2 frilled lizards
  10 kobolds
  A leopard gecko skeleton (D:4)
  5 rats
88 creatures vanquished.

Vanquished Creatures (others)
  A hound (D:4)
  A leopard gecko (D:4)
  An orc (D:4)
  A frilled lizard (D:4)
4 creatures vanquished.

Grand Total: 92 creatures vanquished

Notes
Turn   | Place    | Note
-------+----------+-------------------------------------------
     0 | Abyss:1  | glosham the Mummy Abyssal Knight began the quest for the
                  | Orb.
     0 | Abyss:1  | Reached XP level 1. HP: 18/18 MP: 2/2
    41 | Abyss:1  | Noticed a spatial vortex
    96 | Abyss:1  | Noticed a wretched star
    98 | D:1      | Escaped the Abyss
   255 | D:1      | Reached skill level 2 in Axes
   326 | D:1      | Reached XP level 2. HP: 24/24 MP: 3/3
   393 | D:1      | Reached * piety under Lugonu
   694 | D:1      | Reached XP level 3. HP: 29/29 MP: 4/4
   873 | D:1      | Reached skill level 3 in Axes
  1090 | D:2      | Found a shimmering blue altar of Sif Muna.
  1353 | D:2      | Found a shadowy altar of Dithmenos.
  1374 | D:2      | Found an ancient bone altar of Kikubaaqudgha.
  1374 | D:2      | Found a sacrificial altar of Ru.
  1540 | D:2      | Reached XP level 4. HP: 35/35 MP: 5/5
  1587 | D:2      | Noticed Robin
  1727 | D:2      | Reached ** piety under Lugonu
  1748 | D:1      | Killed Robin
  1748 | D:1      | Reached skill level 4 in Axes
  2035 | D:3      | Found a runed translucent gate.
  2157 | D:3      | Reached XP level 5. HP: 32/41 MP: 6/6
  2315 | D:3      | Found a runed translucent gate.
  2315 | D:3      | Found an opulent altar of Gozag.
  2317 | D:3      | Found a runed translucent gate.
  2317 | D:3      | Noticed an ogre
  2317 | D:3      | Noticed Nebesus's ghost (amateur GrFi)
  2602 | D:4      | Reached skill level 5 in Axes
  2643 | D:4      | Found a blossoming altar of Fedhas.
  2643 | D:4      | Found a burning altar of Makhleb.
  2646 | D:4      | Noticed Eustachio
  2676 | D:4      | Cast into level 1 of the Abyss (Eustachio)
  2677 | Abyss:1  | Noticed a large abomination
  2682 | Abyss:1  | Noticed a small abomination
  2696 | Abyss:1  | Noticed a starcursed mass
  2742 | Abyss:2  | Noticed a large abomination
  2765 | Abyss:2  | Noticed a guardian serpent
  2767 | Abyss:2  | Noticed an efreet
  2767 | D:4      | Escaped the Abyss
  2816 | D:4      | Noticed an ogre
  2872 | D:4      | Found Ymoylin's Book Boutique.
  2916 | D:4      | Killed an ogre
  2916 | D:4      | Reached XP level 6. HP: 18/47 MP: 7/7
  3176 | D:4      | Reached skill level 6 in Axes
  3186 | D:4      | Noticed Duvessa
  3186 | D:4      | Noticed Dowan
  3209 | D:4      | Killed Duvessa
  3209 | D:4      | Reached XP level 7. HP: 6/52 MP: 8/8
  3209 | D:4      | Killed from afar by Dowan

Levels and vault maps discovered:
D:1:      dpeg_arrival_rooms_c, layout_basic, minmay_pentomino_x2
D:2:      layout_basic, lemuel_doored_altar, gammafunk_temple_overflow_statue,
          first_ration, grunt_dithmenos_smoke, uniq_robin
D:3:      layout_loops_ring, ebering_ghost_gozag, minivault_23
D:4:      layout_basic, chequers_temple_overflow_statue_of_worship,
          minmay_temple_entry_nine_rooms, serial_shops, shop,
          xom_confusion_cloud, uniq_menkaure, uniq_eustachio, uniq_duvessa

Skill      XL: |  1  2  3  4  5  6 |
---------------+-------------------+-----
Axes           | 2 3 4 5 6 |  6.5
Fighting       | |  3.0
Armour         | |  1.5
Dodging        | |  0.7
Invocations    | |  1.5

Action                   |  1- 3 |  4- 6 |  7- 9 || total
-------------------------+-------+-------+-------++-------
Melee: Hand axe          |   130 |   213 |       ||   343
       Battleaxe         |       |     7 |       ||     7
 Fire: Hunting sling     |       |     9 |       ||     9
Throw: Dart              |       |    30 |       ||    30
Invok: Depart the Abyss  |     1 |     1 |       ||     2
  Use: Scroll            |     3 |     5 |       ||     8
Armor: Leather armour    |    31 |       |       ||    31
       Ring mail         |    14 |    71 |       ||    85
       Plate armour      |       |   128 |       ||   128
Dodge: Dodged            |    76 |   119 |       ||   195

Table legend:
 A = Turns spent in this place as a percentage of turns spent in the entire game.
 B = Non-inter-level travel turns spent in this place as a percentage of non-inter-level travel turns spent in the entire game.
 C = Inter-level travel turns spent in this place as a percentage of turns spent in this place.
 D = Turns resting spent in this place as a percentage of non-inter-level travel turns spent in this place.
 E = Turns spent auto-exploring this place as a percentage of non-inter-level travel turns spent in this place.
 F = Non-inter-level travel turns spent in this place divided by the number of levels of this place that you've seen.
                   A       B       C       D       E      F
               +-------+-------+-------+-------+-------+----------------------
         Total | 100.0 | 100.0 |   8.1 |   1.1 |   0.0 | 421.1
       Dungeon |  94.1 |  93.6 |   8.6 |   1.1 |   0.0 | 689.8
         Abyss |   5.9 |   6.4 |   0.0 |   0.0 |   0.0 |  63.0
               +-------+-------+-------+-------+-------+----------------------

Table legend:
 A = Kills in this place as a percentage of kills in entire the game.
 B = Kills by you in this place as a percentage of kills by you in the entire game.
 C = Kills by friends in this place as a percentage of kills by friends in the entire game.
 D = Other kills in this place as a percentage of other kills in the entire game.
 E = Experience gained in this place as a percentage of experience gained in the entire game.
 F = Experience gained in this place divided by the number of levels of this place that you have seen.
                   A       B       C       D       E      F
               +-------+-------+-------+-------+-------+----------------------
         Total | 100.0 | 100.0 |   N/A |   N/A | 100.0 | 111.7
       Dungeon | 100.0 | 100.0 |   N/A |   N/A | 100.0 | 195.5
               +-------+-------+-------+-------+-------+----------------------

Levels and vault maps discovered:
D:1:      dpeg_arrival_rooms_c, layout_basic, minmay_pentomino_x2
D:2:      layout_basic, lemuel_doored_altar, gammafunk_temple_overflow_statue,
          first_ration, grunt_dithmenos_smoke, uniq_robin
D:3:      layout_loops_ring, ebering_ghost_gozag, minivault_23
D:4:      layout_basic, chequers_temple_overflow_statue_of_worship,
          minmay_temple_entry_nine_rooms, serial_shops, shop,
          xom_confusion_cloud, uniq_menkaure, uniq_eustachio, uniq_duvessa
